[Event "Late-Titled-Tuesday-Blitz-January-16-2024"]
[Site "Chess.com"]
[Date "2024.01.16"]
[Round "3"]
[White "chesspreceptor"]
[Black "carloseduar100"]
[Result "1-0"]
[WhiteElo "2570"]
[BlackElo "2281"]
[TimeControl "180+1"]
[EndTime "14:27:17 PST"]
[Termination "chesspreceptor won on time"]

1. e4 e6 2. Nc3 d5 3. d4 Nf6 4. e5 Nfd7 5. f4 c5 6. Nf3 Nc6 7. Be3 Qb6 8. Qd2 Qxb2 9. Rb1 Qa3 10. Bb5 Nxd4 11. Nxd4 cxd4 12. Bxd4 a6 13. Bxd7+ Kxd7 14. f5 Bc5 15. O-O b6 16. fxe6+ fxe6 17. Rf7+ Kc6 18. Ne2 Bd7 19. Bxc5 bxc5 20. c4 Rab8 21.
cxd5+ exd5 22. Rd1 Be6 23. Re7 Bg8 24. Nd4+ cxd4 25.
Rc1+ Kb5 26. Rb1+ Kc6 27. Qc1+ Qxc1+ 28. Rxc1+ Kb5 29. Rb1+ Kc4 30. Rxb8 d3 31. Kf2 Kd4 32. Ree8 h5 33. Rxg8 Rh6 34. Rxg7 Re6 35. Rg5 h4 36. Rb4+ Kc3 37. Rb3+ Kc2 38. Ke3 d2 39. Rd3 d4+ 40. Kxd4 d1=Q 41. Rxd1 Kxd1 42. Kd5 Rb6 43. e6 Rb5+ 44. Kd6 Rxg5 45. e7 Rg8 46. g4 1-0

[Event "Late-Titled-Tuesday-Blitz-January-16-2024"]
[Site "Chess.com"]
[Date "2024.01.16"]
[Round "3"]
[White "KSho99"]
[Black "CamillaEffect"]
[Result "0-1"]
[WhiteElo "2166"]
[BlackElo "2548"]
[TimeControl "180+1"]
[EndTime "14:27:18 PST"]
[Termination "CamillaEffect won on time"]

1. Nf3 d5 2. g3 c6 3. Bg2 Nf6 4. O-O Bf5 5. c4 e6 6. Qb3 Qb6 7. d3 Qxb3 8. axb3 Nbd7 9. Bd2 h6 10. Bc3 Be7 11. b4 O-O 12. Nbd2 Bh7 13. Nb3 b6 14.
Ra6 dxc4 15. dxc4 Ne4 16. Nfd4 Bf6 17. Rfa1 Nxc3 18. bxc3 Ne5 19. Nxc6 Nxc4 20. Nbd4 Rac8 21. Nxa7 Rc7 22. Nab5 Rd7 23. Bc6 Rdd8 24. Ra7 e5 25.
Nf3 Nd2 26. Nxd2 Rxd2 27. Bf3 e4 28. Bg4 Bg6 29. Rc7 h5 30. Bh3 Rxe2 31. Raa7 e3 32. fxe3 Rxe3 33. Rc6 Be4 34. Bf1 Bxc6 0-1

[Event "Late-Titled-Tuesday-Blitz-January-16-2024"]
[Site "Chess.com"]
[Date "2024.01.16"]
[Round "3"]
[White "jinbojinbo"]
[Black "GiorgianBarbosa"]
[Result "1-0"]
[WhiteElo "2646"]
[BlackElo "2478"]
[TimeControl "180+1"]
[EndTime "14:27:19 PST"]
[Termination "jinbojinbo won by resignation"]

1. Nf3 Nf6 2. g3 e6 3. Bg2 d5 4. O-O Be7 5. d3 O-O 6. Nbd2 b5 7. e4 Bb7 8. e5 Nfd7 9. d4 c5 10. c3 a5 11. Re1 b4 12. Nf1 a4 13. a3 bxc3 14. bxc3 cxd4 15. cxd4 Nb6 16. h4 Nc4 17. Ne3 Nxe3 18. Bxe3 Nc6 19. Nd2 Qd7 20. Qg4 Na5 21. Bh6 g6 22. Bxf8 Bxf8 23. h5 Nb3 24. Nxb3 axb3 25.
Reb1 Qa4 26. Qd1 Ba6 27. Rxb3 Bc4 28. Rb7 Qxd1+ 29. Rxd1 Rxa3 30. hxg6 hxg6 31. Rdb1 Bh6 32. Rd7 Ra8 33. Rbb7 Rf8 34. f4 g5 35. f5 g4 36.
Kh2 exf5 37. Bxd5 Bxd5 38. Rxd5 f4 39. gxf4 Bxf4+ 40. Kg2 Ra8 41. Rdb5 Ra2+ 42. Rb2 Ra3 43. Rf2 Rg3+ 44. Kf1 Be3 45. Rfxf7 Bxd4 46. Rfd7 Rf3+ 47. Ke2 Bxe5 48. Re7 Bc3 49. Rbc7 Ba1 50. Re4 Rf7 51.
Rxg4+ Kf8 52. Rc8+ Ke7 53. Ra4 Bd4 54. Rxd4 1-0

[Event "Late-Titled-Tuesday-Blitz-January-16-2024"]
[Site "Chess.com"]
[Date "2024.01.16"]
[Round "3"]
[White "GrotBchess"]
[Black "DonJuanEGenaro"]
[Result "1-0"]
[WhiteElo "2309"]
[BlackElo "1910"]
[TimeControl "180+1"]
[EndTime "14:27:20 PST"]
[Termination "GrotBchess won on time"]

1. e4 c5 2. Nf3 Nc6 3. Bb5 e6 4. O-O Nge7 5. Re1 a6 6. Bf1 Ng6 7. c3 Be7 8. d4 cxd4 9. cxd4 d5 10. e5 O-O 11. Nc3 f6 12. exf6 Bxf6 13. Bd3 Nxd4 14.
Bxg6 Nxf3+ 15. Qxf3 hxg6 16. Qg3 Bh4 17. Qe5 Bxf2+ 18.
Kh1 Bxe1 19. Qxe1 e5 20. h4 Qd6 21. Bg5 e4 22. Rd1 Qc5 23. Rxd5 Qc4 24. Qxe4 Qf1+ 25.
Kh2 Bf5 26. Qf4 Qxf4+ 27. Bxf4 Be6 28. Rd4 Rac8 29. Bg5 Rc4 30. Rd6 Bf7 31. a4 Re8 32. Rd7 Rg4 33. Rxb7 Re1 34. Rb6 Rf1 35. Kh3 Rd4 36.
Rb8+ 1-0

[Event "Late-Titled-Tuesday-Blitz-January-16-2024"]
[Site "Chess.com"]
[Date "2024.01.16"]
[Round "3"]
[White "KorolDimitriy75"]
[Black "jup1978"]
[Result "0-1"]
[WhiteElo "2346"]
[BlackElo "2482"]
[TimeControl "180+1"]
[EndTime "14:27:21 PST"]
[Termination "jup1978 won by checkmate"]

1. d4 d5 2. c4 c6 3. Nc3 Nf6 4. e3 a6 5. Nf3 Bf5 6. Bd3 Bxd3 7. Qxd3 e6 8. O-O c5 9. cxd5 Nxd5 10.
Nxd5 Qxd5 11. e4 Qd6 12. d5 exd5 13. exd5 Be7 14. Re1 O-O 15. Ne5 Bf6 16. Nc4 Qd8 17. a4 Nc6 18. d6 Nd4 19. a5 Re8 20. Bf4 Rc8 21. Rxe8+ Qxe8 22. Nb6 Rd8 23. d7 Rxd7 24. Nxd7 Qxd7 25. Rd1 h6 26. Be3 Qa4 27. Bxd4 Bxd4 28. g3 g6 29. Kg2 Qxa5 30. Rc1 Qb6 31. Rc2 Qf6 32. Re2 Bxb2 33. Qd7 b5 34. Re8+ Kg7 35. Ra8 Bd4 36. Qc8 Qxf2+ 37. Kh3 Qf1+ 38. Kg4 f5+ 39. Kh4 g5+ 40. Kh5 Qh3# 0-1

[Event "Late-Titled-Tuesday-Blitz-January-16-2024"]
[Site "Chess.com"]
[Date "2024.01.16"]
[Round "3"]
[White "DavidGavrilescu18"]
[Black "LevonAronian"]
[Result "1-0"]
[WhiteElo "2784"]
[BlackElo "3091"]
[TimeControl "180+1"]
[EndTime "14:27:23 PST"]
[Termination "DavidGavrilescu18 won by resignation"]

1. e4 c5 2. Nf3 e6 3. d4 cxd4 4. Nxd4 Nc6 5. a3 Qc7 6. Be3 Nf6 7. Nc3 Be7 8. f4 d6 9. Qf3 Nxd4 10. Bxd4 Bd7 11.
O-O-O Bc6 12. g4 h6 13. h4 Rc8 14. Bd3 e5 15. Be3 h5 16. gxh5 Nxh5 17. fxe5 dxe5 18. Rhf1 Nf4 19. Bxf4 exf4 20. Nd5 Bxd5 21. exd5 Rxh4 22. Rh1 Qd6 23. Rxh4 Bxh4 24. Qg4 Qd8 25. d6 Kf8 26.
Qh5 Qxd6 27. Qh8+ Ke7 28. Qxc8 g5 29. Qxb7+ Kf6 30. Bc4 Qf8 31. Rd7 Qc5 32. Rxf7+ Kg6 33. Qe4+ Kh5 34. Rh7+ Kg4 35. Be2+ Kh3 36. Qh1+ Kg3 37.
Qf3+ Kh2 38. Bf1 1-0

[Event "Late-Titled-Tuesday-Blitz-January-16-2024"]
[Site "Chess.com"]
[Date "2024.01.16"]
[Round "3"]
[White "19912131712118"]
[Black "RamyresCoelho"]
[Result "1/2-1/2"]
[WhiteElo "2436"]
[BlackElo "2263"]
[TimeControl "180+1"]
[EndTime "14:27:23 PST"]
[Termination "Game drawn by repetition"]

1. e4 c5 2. Nf3 d6 3. d4 cxd4 4. Nxd4 Nf6 5. Nc3 a6 6. f4 e6 7. Be2 Be7 8. O-O O-O 9. Kh1 Nc6 10. Be3 Nxd4 11. Bxd4 Qc7 12. Qe1 b5 13. Qg3 Kh8 14. a3 Bb7 15. Rae1 Rg8 16. Bd3 Ne8 17. Qh3 e5 18.
Be3 Nf6 19. Nd5 Bxd5 20. exd5 e4 21. Be2 Qxc2 22. Bd4 Nxd5 23. Bh5 Raf8 24. Re2 Qd3 25. Qxd3 exd3 26. Rd2 Bf6 27. Rxd3 Bxd4 28. Rxd4 Nf6 29. Bf3 Rd8 30. Rfd1 d5 31. Bxd5 Nxd5 32. Rxd5 Rxd5 33. Rxd5 Rc8 34. Kg1 g6 35. Rd6 Rc1+ 36. Kf2 Rc2+ 37. Kg3 Rxb2 38. Rxa6 Kg7 39. Kf3 h5 40. h3 Rb3+ 41.
Kf2 Kf8 42. Ra7 b4 43. axb4 Rxb4 44. Kg3 Rb3+ 45. Kh4 Kg7 46. g4 hxg4 47. hxg4 Rb4 48. Kg5 Rb5+ 49. f5 Rc5 50. Rd7 Rb5 51. Ra7 Rc5 52.
Rd7 Rb5 53. Ra7 1/2-1/2

[Event "Late-Titled-Tuesday-Blitz-January-16-2024"]
[Site "Chess.com"]
[Date "2024.01.16"]
[Round "3"]
[White "trriinu"]
[Black "EsmeraldasAnderson03"]
[Result "0-1"]
[WhiteElo "2175"]
[BlackElo "2398"]
[TimeControl "180+1"]
[EndTime "14:27:24 PST"]
[Termination "EsmeraldasAnderson03 won on time"]

1. e4 c5 2. Nf3 d6 3. Bb5+ Bd7 4.
Bxd7+ Qxd7 5. O-O Nf6 6. Qe2 Nc6 7. c3 e6 8. Rd1 Be7 9. d4 cxd4 10. cxd4 d5 11.
e5 Ne4 12. Ne1 h6 13. f3 Ng5 14. Nc3 O-O 15. f4 Nh7 16. Nf3 a6 17. g4 b5 18. Qg2 b4 19. Ne2 Rac8 20. Ng3 f6 21. Nh5 fxe5 22. fxe5 Ng5 23. Nxg5 Bxg5 24. Bxg5 hxg5 25.
Rd3 Qa7 26. Kh1 Nxd4 27. Qg1 Nc6 28. Qc1 Nxe5 29. Qd2 Nxd3 30. Qxd3 Qf7 31. Kg2 e5 32. Rf1 Qxf1+ 33. Qxf1 Rxf1 34. Kxf1 Rc1+ 35. Ke2 Rc2+ 36.
Kd3 Rxb2 0-1

[Event "Late-Titled-Tuesday-Blitz-January-16-2024"]
[Site "Chess.com"]
[Date "2024.01.16"]
[Round "3"]
[White "Rikikits"]
[Black "Vlad_Lukiianchuk"]
[Result "1-0"]
[WhiteElo "2831"]
[BlackElo "2617"]
[TimeControl "180+1"]
[EndTime "14:27:25 PST"]
[Termination "Rikikits won on time"]

1. d4 e6 2. Nf3 f5 3. e3 Nf6 4. Be2 b6 5. O-O Bb7 6. c4 Be7 7. Nc3 O-O 8. Ne5 d6 9. Nd3 g5 10. Bf3 c6 11. g3 d5 12. b3 Nbd7 13. Bb2 Ba6 14. Qc2 dxc4 15. bxc4 Bxc4 16. Bxc6 Rc8 17. Bg2 b5 18. a3 a5 19. Qb1 b4 20. axb4 axb4 21. Na4 f4 22. exf4 gxf4 23. Nxf4 Bd6 24. Nd3 Nd5 25. Ndc5 Nxc5 26. Nxc5 Bxc5 27. dxc5 Bxf1 28.
Qxf1 Nc3 29. Qc4 Qf6 30. Rf1 Qf5 31. c6 Nd5 32. Qd4 Nc3 33. Qxb4 Ne2+ 34. Kh1 Rb8 35. Qd2 Qh5 36. Ba1 Rbc8 37. Qb2 e5 38. Bd5+ Kg7 39.
Qxe5+ Qxe5 40. Bxe5+ Kg6 41. Kg2 Rfe8 42. f4 Red8 43.
Be4+ Kf7 44. c7 Rd2 45. Rf2 1-0

[Event "Late-Titled-Tuesday-Blitz-January-16-2024"]
[Site "Chess.com"]
[Date "2024.01.16"]
[Round "3"]
[White "ChessicallyInclined"]
[Black "Msb2"]
[Result "0-1"]
[WhiteElo "2723"]
[BlackElo "3041"]
[TimeControl "180+1"]
[EndTime "14:27:27 PST"]
[Termination "Msb2 won by resignation"]

1. e4 e6 2. d4 d5 3. Nc3 Nf6 4. e5 Nfd7 5. f4 c5 6. Nf3 Nc6 7. Be3 a6 8. a3 cxd4 9. Nxd4 Bc5 10. Qd2 g5 11. g3 gxf4 12. gxf4 Bxd4 13. Bxd4 Nxd4 14.
Qxd4 Qh4+ 15. Qf2 Qxf2+ 16. Kxf2 f6 17. exf6 Nxf6 18. Bd3 Bd7 19. Rhg1 Kf7 20. Raf1 Rhg8 21. Rxg8 Rxg8 22. h3 h6 23. Ne2 Nh5 24. c4 dxc4 25. Bxc4 Kf6 26. Ke3 Rg2 27. Rf2 Rxf2 28. Kxf2 e5 29.
fxe5+ Kxe5 30. h4 Ng7 31. Ng3 Kf4 32. Be2 Bg4 33. Bf1 Ne6 34. Bg2 b6 35. Bb7 Nc5 36. Bd5 Nd3+ 37. Kg2 Nxb2 38. Nf1 Nd1 39. Bb7 a5 40. Nd2 Be6 41. Bf3 Ne3+ 42. Kf2 Nc2 43.
a4 Nd4 44. Bd1 Bd5 45. Nf1 Nf5 46. Bc2 Nd6 47. Ne3 Bc6 48. Bb3 Ne4+ 49. Ke2 Ng3+ 50.
Kd3 Nf5 51. Nc4 Nxh4 52. Nxb6 Nf3 53. Kc3 h5 54. Be6 Ne5 55. Kd4 Bf3 56. Kc5 h4 57. Kb5 Bg4 58. Bd5 h3 59. Kxa5 h2 60. Kb4 Bf3 61. a5 h1=Q 0-1

[Event "Late-Titled-Tuesday-Blitz-January-16-2024"]
[Site "Chess.com"]
[Date "2024.01.16"]
[Round "3"]
[White "iturrizaga"]
[Black "The_Sherman_Variation"]
[Result "1-0"]
[WhiteElo "3018"]
[BlackElo "2690"]
[TimeControl "180+1"]
[EndTime "14:27:27 PST"]
[Termination "iturrizaga won by resignation"]

1. c4 c5 2. Nf3 Nf6 3. Nc3 Nc6 4. d4 cxd4 5. Nxd4 g6 6. g3 Bg7 7. Bg2 O-O 8. O-O Qa5 9. e3 Qh5 10. Qxh5 Nxh5 11. Rd1 Nf6 12. b3 Rb8 13. Ba3 Re8 14. Rac1 Nxd4 15. exd4 d6 16. c5 dxc5 17. dxc5 Bf5 18.
h3 h5 19. Nb5 a6 20. Nd4 Be4 21. c6 bxc6 22. Nxc6 Rb7 23. Bf1 Nd5 24. Re1 Bf3 25. Ne5 Bxe5 26. Rxe5 Rb6 27. Rc4 e6 28. Rd4 Nc7 29. Rd7 Nb5 30. Bc5 Rc6 31. b4 Rb8 32. a4 Nc7 33. Bd6 Rc8 34. Rc5 Rxc5 35. bxc5 Ne8 36. Bxa6 Ra8 37. Bb5 Nf6 38. Re7 Nd5 39. Re8+ Rxe8 40. Bxe8 Nb4 41. a5 Na6 42. Bb5 Nb4 43.
a6 f6 44. a7 Kf7 45. c6 1-0

[Event "Late-Titled-Tuesday-Blitz-January-16-2024"]
[Site "Chess.com"]
[Date "2024.01.16"]
[Round "3"]
[White "SandwichOSaumon"]
[Black "Sargsyan_Shant"]
[Result "0-1"]
[WhiteElo "2508"]
[BlackElo "2875"]
[TimeControl "180+1"]
[EndTime "14:27:29 PST"]
[Termination "Sargsyan_Shant won by checkmate"]

1. e4 g6 2. d4 Nf6 3. e5 Nh5 4. Nc3 d6 5. Nf3 Bg7 6. Bc4 dxe5 7. Nxe5 Bxe5 8. dxe5 Qxd1+ 9. Kxd1 c6 10. a4 Nd7 11.
e6 fxe6 12. Bxe6 Ndf6 13. Bxc8 Rxc8 14. Be3 a5 15. f3 Kf7 16. Ke2 Ng7 17. Bb6 Ra8 18.
Rad1 Nf5 19. g4 Nd6 20. b3 h5 21. g5 Nd7 22. Bc7 Rhe8 23. Ne4 Nxe4 24. fxe4 Ke6 25. Ke3 b5 26. axb5 cxb5 27. Rd5 Rec8 28. Bg3 Rxc2 29. Rhd1 Rc3+ 30. Ke2 Nc5 31. Re5+ Kf7 32. Bf2 Rc2+ 33. Kf1 Nxb3 34. Rd7 Re8 35. Rxb5 a4 36. Be1 Rc5 37. Rbb7 Rxg5 38. Ra7 Re5 39. Rdc7 Rxe4 40. Ra6 Rd8 41. Kf2 Rd5 42. Ba5 Rf5+ 43. Kg2 Rg4+ 44. Kh3 Rf3# 0-1

[Event "Late-Titled-Tuesday-Blitz-January-16-2024"]
[Site "Chess.com"]
[Date "2024.01.16"]
[Round "3"]
[White "ccccvhhhj"]
[Black "RobertoJBM"]
[Result "0-1"]
[WhiteElo "2518"]
[BlackElo "2794"]
[TimeControl "180+1"]
[EndTime "14:27:29 PST"]
[Termination "RobertoJBM won on time"]

1. e4 c6 2. d4 d5 3. e5 Bf5 4. Nc3 e6 5. g4 Bg6 6. Nge2 c5 7. h4 cxd4 8. Nxd4 h5 9. Bd3 Bxd3 10. Qxd3 hxg4 11.
Bg5 Qd7 12. O-O-O Nc6 13. f4 Nge7 14. Ndb5 Nf5 15. Nxd5 exd5 16. Qxd5 Qxd5 17. Rxd5 Rc8 18. Rhd1 Be7 19. Bxe7 Kxe7 20. Rd7+ Kf8 21. Rxb7 Rxh4 22.
Rdd7 Rh1+ 23. Kd2 Nd8 24. Rbc7 Rxc7 25. Nxc7 Ne6 26. Nd5 g3 27. Rxa7 g5 28. Nf6 Kg7 29.
Ra8 Kg6 30. Rg8+ Neg7 31. e6 fxe6 32. Ng4 gxf4 33. Ne5+ Kf6 34. Nf3 Rf1 35. Ke2 Rf2+ 36. Ke1 Rxf3 37. a4 g2 0-1

[Event "Late-Titled-Tuesday-Blitz-January-16-2024"]
[Site "Chess.com"]
[Date "2024.01.16"]
[Round "3"]
[White "Heretoflag"]
[Black "tarno17"]
[Result "0-1"]
[WhiteElo "2370"]
[BlackElo "2181"]
[TimeControl "180+1"]
[EndTime "14:27:29 PST"]
[Termination "tarno17 won on time"]

1. e4 c5 2. Nf3 e6 3. g3 a6 4. Bg2 d6 5. O-O Nc6 6. Re1 Nf6 7. c3 Be7 8. d3 O-O 9. Nbd2 b5 10. d4 cxd4 11. cxd4 Bb7 12. Qe2 Rc8 13. a3 Qb6 14. Qd3 Rfd8 15. b3 a5 16. Bb2 Ba6 17.
Qe3 b4 18. a4 Rc7 19. h3 Rdc8 20. Rac1 h6 21. g4 d5 22. e5 Nh7 23. Nf1 Ng5 24.
Ng3 Nxf3+ 25. Qxf3 Nxd4 26. Bxd4 Qxd4 27. Rcd1 Qb2 28.
Qe3 Rc3 29. Qb6 R8c6 30. Qb8+ Kh7 31. Qe8 Bh4 32. Qxf7 Bxg3 33. fxg3 Rxg3 34. Qf2 Qxb3 35. Rd2 Rgc3 0-1

[Event "Late-Titled-Tuesday-Blitz-January-16-2024"]
[Site "Chess.com"]
[Date "2024.01.16"]
[Round "3"]
[White "C_K_G"]
[Black "The_Machine04"]
[Result "0-1"]
[WhiteElo "2082"]
[BlackElo "2708"]
[TimeControl "180+1"]
[EndTime "14:27:30 PST"]
[Termination "The_Machine04 won by resignation"]

1. e4 d6 2. Nf3 Nf6 3. Nc3 e5 4.
d4 Nbd7 5. h3 c6 6. Be2 Be7 7. O-O Qc7 8. Re1 h6 9. a4 Nf8 10. d5 g5 11. Be3 Ng6 12. a5 g4 13.
hxg4 Nxg4 14. Qd2 Nxe3 15. Qxe3 a6 16. Na4 c5 17. Nb6 Rb8 18. c3 Bg4 19. b4 Nf4 20.
bxc5 Rg8 21. g3 Nxe2+ 22. Rxe2 Rg6 23. Rd2 h5 24. cxd6 Bxd6 25. Nh4 Bc5 26. Qd3 Rf6 27. Nc4 Rd8 28. Rb1 Kf8 29. Ne3 Qxa5 30. Rxb7 Qa1+ 31. Rb1 Qa4 32. Nef5 a5 33. Rdb2 Kg8 34. Rb8 Rxb8 35. Rxb8+ Kh7 36. Qd2 Qd1+ 37. Qxd1 Bxd1 38. Ra8 a4 39.
Kf1 Bc2 40. f3 a3 41. Ke2 Rb6 42. Kd2 Rb2 43. d6 Bxe4+ 44. Kc1 Bxa8 0-1

[Event "Late-Titled-Tuesday-Blitz-January-16-2024"]
[Site "Chess.com"]
[Date "2024.01.16"]
[Round "3"]
[White "thesupera12"]
[Black "DenizG123"]
[Result "1-0"]
[WhiteElo "2541"]
[BlackElo "2100"]
[TimeControl "180+1"]
[EndTime "14:27:31 PST"]
[Termination "thesupera12 won by resignation"]

1. d4 Nf6 2. Bg5 e6 3. Nf3 d5 4. e3 c5 5. c4 Nc6 6. cxd5 exd5 7. Nc3 cxd4 8. Nxd4 Bb4 9. Rc1 O-O 10. a3 Be7 11.
Be2 Ne4 12. Bxe7 Nxe7 13. O-O Ng6 14. Bf3 Nxc3 15. Rxc3 Ne5 16. Qb3 Be6 17. Rfc1 Nc4 18. Nxe6 fxe6 19. Qxb7 Rb8 20. Qc6 Rb6 21. Qa4 Qg5 22.
b3 Ne5 23. Be2 Ng6 24. Rc8 Nh4 25. Rxf8+ Kxf8 26. Rc8+ Ke7 27. Qe8+ Kf6 28. Qd8+ Kg6 29. Bd3+ Nf5 30. Qxg5+ Kxg5 31. Bxf5 Kxf5 32. b4 Ra6 33. Rc3 e5 34. f3 d4 35. exd4 exd4 36. Rc7 Kf6 37.
Rd7 Rxa3 38. Rxd4 Ra2 39. h3 Rb2 40. Kh2 a6 41. Kg3 Kg5 42. h4+ Kh5 43. Kh3 g6 44. Rd7 Kh6 45. g4 g5 46. Rd6+ Kg7 47. hxg5 Rxb4 48.
Rxa6 Rb5 49. Kh4 Rb1 50. g6 hxg6 51. f4 Rh1+ 52. Kg5 Rh6 53. Ra7+ 1-0

[Event "Late-Titled-Tuesday-Blitz-January-16-2024"]
[Site "Chess.com"]
[Date "2024.01.16"]
[Round "3"]
[White "iulik86"]
[Black "vladoboch"]
[Result "1-0"]
[WhiteElo "2599"]
[BlackElo "2421"]
[TimeControl "180+1"]
[EndTime "14:27:32 PST"]
[Termination "iulik86 won on time"]

1. e4 e5 2. Nf3 Nc6 3. Bb5 a6 4. Ba4 Nf6 5. d3 b5 6. Bb3 Bc5 7. Nc3 O-O 8. a4 Rb8 9. axb5 axb5 10. Bg5 h6 11. Bh4 Be7 12. O-O d6 13. Bxf6 Bxf6 14. h3 Ne7 15. Ne2 Ng6 16. c3 Re8 17. Ng3 Bh4 18. Nf5 Be7 19. d4 Bf8 20. Re1 exd4 21. N3xd4 Bd7 22. Qf3 Ne5 23. Qg3 Qf6 24. f4 Nc4 25. e5 dxe5 26. fxe5 Rxe5 27. Rxe5 Nxe5 28. Rf1 Bd6 29. Nxd6 Qxd6 30. Qf4 Rf8 31. Re1 Ng6 32.
Qxd6 cxd6 33. Bd5 Re8 34. Rf1 Ne5 35. Kh1 Kf8 36. b3 g6 37. g4 Kg7 38. Kg2 Ra8 39. Kg3 Ra2 40. Nf3 1-0

[Event "Late-Titled-Tuesday-Blitz-January-16-2024"]
[Site "Chess.com"]
[Date "2024.01.16"]
[Round "3"]
[White "PNEPaul"]
[Black "BebeBonito2022"]
[Result "0-1"]
[WhiteElo "1911"]
[BlackElo "2314"]
[TimeControl "180+1"]
[EndTime "14:27:33 PST"]
[Termination "BebeBonito2022 won on time"]

1. e4 e5 2. Nf3 Nc6 3. Bc4 Nf6 4.
d4 exd4 5. O-O Nxe4 6. Re1 d5 7. Bxd5 Qxd5 8. Nc3 Qa5 9. Nxe4 Be6 10. Neg5 O-O-O 11. Nxe6 fxe6 12. Bg5 Re8 13. Bd2 Bb4 14. Nxd4 Nxd4 15. c3 Qd5 16. cxb4 Rhf8 17. Be3 e5 18. Qa4 Kb8 19.
Rad1 Qc6 20. Qa5 b6 21. Qa6 h6 22. h3 g5 23. Bxd4 exd4 24. Rxe8+ Rxe8 25. Rxd4 Qc1+ 26. Kh2 Qxb2 27. Qd3 Qxf2 28. Rd8+ Rxd8 29. Qxd8+ Kb7 30.
Qd5+ Kc8 31. Qa8+ Kd7 32. Qd5+ Ke8 33. Qe6+ Kd8 34. Qd5+ Ke7 35. Qe5+ Kf7 36. Qd5+ Kg6 37. Qe4+ Qf5 38. Qe8+ Qf7 39. Qe4+ Kg7 40. Qe5+ Kg8 41. Qb5 Qe6 0-1

[Event "Late-Titled-Tuesday-Blitz-January-16-2024"]
[Site "Chess.com"]
[Date "2024.01.16"]
[Round "3"]
[White "Goryachkina"]
[Black "ChristopherYoo"]
[Result "0-1"]
[WhiteElo "2695"]
[BlackElo "2987"]
[TimeControl "180+1"]
[EndTime "14:27:34 PST"]
[Termination "ChristopherYoo won on time"]

1. e4 c6 2. d4 d5 3. e5 Bf5 4.
Bd3 Bxd3 5. Qxd3 Qa5+ 6. Nd2 Qa6 7. Qf3 e6 8. Ne2 Ne7 9. O-O Nf5 10. c3 c5 11. Nb3 Nc6 12. Be3 Be7 13. Nf4 O-O 14.
Nxd5 cxd4 15. cxd4 Nh4 16. Nxe7+ Nxe7 17. Qg4 Nhf5 18. Nc5 Qc6 19. Ne4 Kh8 20. Rac1 Qd7 21.
Qh5 Nd5 22. Rce1 Rac8 23. g4 Nfxe3 24. fxe3 f5 25. exf6 gxf6 26. Qh6 Qe7 27. Kh1 Rc2 28. g5 f5 29. Nc5 Rg8 30. e4 Rg6 31. Qh3 Qxg5 32.
exd5 Rh6 33. Rg1 Qf4 34. Qg3 Rhxh2+ 0-1

[Event "Late-Titled-Tuesday-Blitz-January-16-2024"]
[Site "Chess.com"]
[Date "2024.01.16"]
[Round "3"]
[White "rdarruda"]
[Black "Rutricks"]
[Result "0-1"]
[WhiteElo "2505"]
[BlackElo "2718"]
[TimeControl "180+1"]
[EndTime "14:27:35 PST"]
[Termination "Rutricks won by checkmate"]

1. d4 g6 2. e4 Bg7 3. Nc3 c6 4.
Nf3 d5 5. Bd3 dxe4 6. Nxe4 Nf6 7. c3 O-O 8. O-O Nbd7 9. Bf4 Nd5 10. Bg3 h6 11. Ned2 c5 12. Re1 cxd4 13. Nxd4 e5 14. N4b3 Nf4 15. Bf1 g5 16. Ne4 Nb6 17. Nd6 Qc7 18. Nxc8 Raxc8 19. Qf3 Na4 20. Bxf4 exf4 21.
Re2 Rfe8 22. Rae1 Rxe2 23. Rxe2 b5 24. Rd2 a6 25. Qg4 Re8 26. h4 Bf6 27. hxg5 hxg5 28. Bd3 Kg7 29. Bf5 Qe5 30. Bd3 Qe1+ 31. Bf1 Qb1 32.
Rd1 Qxb2 33. c4 Nc3 34. Rd7 Qb1 35. Qh5 Ne2+ 36. Kh2 Rh8 37. Rxf7+ Kg8 38. Bxe2 Rxh5+ 39. Bxh5 bxc4 40. Nc5 Bd4 41. Ne6 Bxf2 42. Rf8+ Kh7 43. Rf7+ Kh6 44. Bg4 Qg1+ 45. Kh3 Qh1# 0-1

[Event "Late-Titled-Tuesday-Blitz-January-16-2024"]
[Site "Chess.com"]
[Date "2024.01.16"]
[Round "3"]
[White "subham777"]
[Black "szachmistrz2500"]
[Result "0-1"]
[WhiteElo "2589"]
[BlackElo "2438"]
[TimeControl "180+1"]
[EndTime "14:27:35 PST"]
[Termination "szachmistrz2500 won on time"]

1. e4 c5 2. Nf3 d6 3. d4 cxd4 4. Qxd4 a6 5. Nc3 Nc6 6. Qd2 Nf6 7. b3 e5 8. Bb2 Be7 9. O-O-O O-O 10. Bd3 b5 11. Kb1 Bb7 12. h3 Qc7 13. g4 Nb4 14. g5 Nd7 15. Nxb5 Qa5 16. Na3 Rfc8 17. c4 Qb6 18. Nc2 a5 19. Nxb4 axb4 20. Bc1 Nc5 21. Qe3 Qa5 22. Rd2 Bd8 23. Rb2 Bb6 24. Qe2 Ne6 25.
Be3 Bc5 26. h4 Rc6 27. h5 Rca6 28. g6 fxg6 29. hxg6 h6 30. Bxh6 gxh6 31. Rxh6 Qd8 32. g7 Nxg7 33. Rg6 Qe8 34. Rg1 Qh5 35. Qd1 Rf8 36.
Be2 Bxe4+ 37. Ka1 Bxf3 38. Bxf3 Qxf3 39. Qc2 Bd4 40. Qg6 Rf7 0-1

[Event "Late-Titled-Tuesday-Blitz-January-16-2024"]
[Site "Chess.com"]
[Date "2024.01.16"]
[Round "3"]
[White "shirovin"]
[Black "Iuckyducky"]
[Result "0-1"]
[WhiteElo "2006"]
[BlackElo "2321"]
[TimeControl "180+1"]
[EndTime "14:27:35 PST"]
[Termination "Iuckyducky won on time"]

1. Nc3 Nf6 2. e4 c5 3. e5 Ng8 4. Nf3 Nc6 5. Bc4 d6 6. e6 Bxe6 7. Bxe6 fxe6 8. O-O Nf6 9. Re1 Qd7 10. Qe2 e5 11. d3 e6 12. Ne4 Be7 13. c3 O-O 14.
Nfg5 h6 15. Nh3 Rf7 16. f4 exf4 17. Nxf4 Nxe4 18. Qxe4 e5 19. Nh5 Raf8 20. Bxh6 gxh6 21. Qg6+ Kh8 22. Qxh6+ Rh7 23. Qg6 Rg8 24. Nf6 Rxg6 25. Nxd7 Rhg7 26. Re2 Kg8 27. d4 Bg5 28. d5 Nd8 29. Nb8 Rf7 30. b4 Rgf6 31. bxc5 dxc5 32. c4 Rf5 33. Rb1 Kf8 34. g3 Bf6 35. Kg2 Ke8 36. g4 Rg5 37. h3 Rc7 38. Re4 Rc8 39. d6 Rxb8 40. Rd1 Kd7 0-1

[Event "Late-Titled-Tuesday-Blitz-January-16-2024"]
[Site "Chess.com"]
[Date "2024.01.16"]
[Round "3"]
[White "sina101"]
[Black "Mr_November18"]
[Result "1-0"]
[WhiteElo "2529"]
[BlackElo "2059"]
[TimeControl "180+1"]
[EndTime "14:27:37 PST"]
[Termination "sina101 won on time"]

1. e4 c5 2. Nf3 d6 3. b3 Nf6 4. Nc3 g6 5. Bb2 e5 6. Bc4 Bg7 7. O-O O-O 8. Re1 Bg4 9. h3 Bxf3 10. Qxf3 Nc6 11. Nd5 Nxd5 12. Bxd5 Rb8 13. Bxc6 bxc6 14.
c4 a5 15. Bc3 Qc7 16. h4 h5 17. d3 Ra8 18. Rab1 Qd7 19. Qe3 Kh7 20. Qd2 Qc7 21. g3 a4 22. b4 cxb4 23. Rxb4 c5 24. Rb5 Rfb8 25. Reb1 Rxb5 26. cxb5 Qd7 27. b6 Qh3 28. b7 Rb8 29. Ba5 Qd7 30. Qb2 f5 31. Qb5 Qf7 32. exf5 gxf5 33. Qc6 Qxa2 34. Rb5 f4 35. Qe4+ Kh6 36.
Bc7 fxg3 37. fxg3 Rf8 38. Qg2 Qa1+ 39. Kh2 Qe1 40. Rb2 Rf1 41. b8=Q e4 42. Qd8 1-0

[Event "Late-Titled-Tuesday-Blitz-January-16-2024"]
[Site "Chess.com"]
[Date "2024.01.16"]
[Round "3"]
[White "Levanzovsky"]
[Black "FoxOnTheRun97"]
[Result "0-1"]
[WhiteElo "2474"]
[BlackElo "2644"]
[TimeControl "180+1"]
[EndTime "14:27:38 PST"]
[Termination "FoxOnTheRun97 won on time"]

1. c4 c6 2. Nf3 d5 3. e3 Nf6 4.
b3 g6 5. Bb2 Bg7 6. Be2 O-O 7.
O-O Bf5 8. d3 dxc4 9. bxc4 Na6 10. Nd4 Ne8 11. Nd2 c5 12. Nxf5 Bxb2 13. Rb1 Bf6 14.
Nh6+ Kg7 15. Ng4 Rb8 16. Qa4 Nd6 17. Nxf6 exf6 18. Bf3 Nb4 19. d4 a5 20. dxc5 Nf5 21.
Nb3 Nh4 22. Qxa5 Nxf3+ 23. gxf3 Nc6 24. Qxd8 Rfxd8 25. Rfd1 Rdc8 26. f4 Ra8 27. Nd4 Na5 28. Rb5 Nxc4 29. Rxb7 Rxa2 30. Rc1 Nd6 31. cxd6 Rxc1+ 32. Kg2 Ra8 33. d7 Rd8 34. Kf3 Kf8 35. Rb6 Rc7 36.
Rxf6 Kg7 37. Ra6 Rdxd7 38. Ra8 h5 39. Ra5 Rc3 0-1